 Dungeon Crawl Stone Soup version 0.23.2-30-g0e89c35649 (webtiles) character file.

Game seed: 3515506922944122874

296 Zephirin the Ruffian (level 6, -14/50 HPs)
             Began as a Ghoul Warper on June 10, 2019.
             Was an Initiate of Dithmenos.
             Splashed with acid (40 damage)
             ... in the Ecumenical Temple.
             The game lasted 00:28:04 (3079 turns).

Zephirin the Ruffian (Ghoul Warper)                 Turns: 3079, Time: 00:28:04

Health: -14/50     AC:  8    Str: 14 (15) XL:     6   Next: 35%
Magic:  8/8        EV:  9    Int: 10      God:    Dithmenos [......]
Gold:   39         SH:  0    Dex:  7 (8)  Spells: 7/9 levels left

rFire    + . .     SeeInvis .     - Unarmed
rCold    . . .     Gourm    .   (no shield)
rNeg     + + +     Faith    .   g - +0 scale mail
rPois    ∞         Spirit   .   (no helmet)
rElec    .         Reflect  .   r - +0 cloak
rCorr    .         Harm     .   (no gloves)
MR       .....                  w - +0 pair of boots
Stlth    ..........             (no amulet)
HPRegen  0.16/turn              i - ring of fire
MPRegen  0.11/turn              (no ring)

@: rotting
A: rotting body, claws 1, carnivore, cold resistance 1, negative energy
resistance 3, inhibited regeneration, torment resistance, unbreathing
a: Renounce Religion


You were in the Ecumenical Temple.
You worshipped Dithmenos.
Dithmenos was noncommittal.
You were not hungry.

You visited 2 branches of the dungeon, and saw 5 of its levels.

You collected 172 gold pieces.
You spent 133 gold pieces at shops.

Inventory:

Hand Weapons
 p - a +0 dagger (quivered)
 t - a +0 dagger of venom
Missiles
 j - 5 poisoned needles
 u - 67 stones
 v - 6 tomahawks
Armour
 a - a +0 leather armour
 g - a +0 scale mail (worn)
 k - a +0 chain mail
 r - a +0 cloak (worn)
 w - a +0 pair of boots (worn)
 x - a +0 scale mail
Jewellery
 h - an uncursed ring of poison resistance {unknown}
 i - a ring of fire (left claw)
 m - an uncursed ring of protection from cold {unknown}
Scrolls
 c - a scroll of blinking
 d - 3 scrolls of remove curse
 e - 5 scrolls of identify
 n - a scroll of enchant weapon
 q - 4 scrolls of teleportation
 y - a scroll of fear
Potions
 b - a potion of heal wounds
 l - a potion of degeneration
 o - a potion of ambrosia
 s - a potion of mutation {unknown}
Comestibles
 f - 6 rations
 z - 2 chunks of flesh


   Skills:
 + Level 2.5 Fighting
 + Level 1.4 Throwing
 + Level 2.2 Armour
 + Level 2.1 Dodging
 + Level 0.2 Stealth
 + Level 5.5 Unarmed Combat
 + Level 2.1 Spellcasting
 + Level 2.9 Translocations


You had 7 spell levels left.
You knew the following spells:

 Your Spells              Type           Power        Failure   Level  Hunger
a - Blink                 Tloc           N/A          50%         2    ###....

Your spell library contained the following spells:

 Spells                   Type           Power        Failure   Level  Hunger
 Shroud of Golubria       Chrm/Tloc      #.........   71%         2    ###....
 Gell's Gravitas          Tloc           #.........   75%         3    ####...
 Lesser Beckoning         Tloc           #.........   75%         3    ####...
 Teleport Other           Tloc           #.......     75%         3    ####...
 Passage of Golubria      Tloc           N/A          98%         4    #####..


Dungeon Overview and Level Annotations

Branches:
Dungeon (4/15)             Temple (1/1) D:4

Altars:
Ashenzari
Dithmenos
Kikubaaqudgha
Trog
Vehumet
Jiyva

Shops:
D:4 *


Innate Abilities, Weirdness & Mutations

Your body is rotting away.
You thrive on raw meat.
You are immune to poison.
You have sharp fingernails.
You are carnivorous and can eat meat at any time.
Your flesh is cold resistant. (rC+)
You are immune to negative energy. (rN+++)
You do not regenerate when monsters are visible.
You are immune to unholy pain and torment.
You can survive without breathing.


Message History

You eat one of the 3 chunks of flesh.
This raw flesh tastes great!
y - a scroll of fear You see here 11 arrows.
u - 67 stones (gained 22)
Found a stone staircase leading down.
There is a staircase to the Ecumenical Temple here.
You climb downwards.
Welcome to the Ecumenical Temple!
There is a staircase back to the Dungeon here.
Found a viscous altar of Jiyva.
Found a shattered altar of Ashenzari and a viscous altar of Jiyva.
Found an ancient bone altar of Kikubaaqudgha and a radiant altar of Vehumet.
There is a viscous altar of Jiyva here.
There is a viscous altar of Jiyva here.
There is a viscous altar of Jiyva here.
You kneel at the altar of Jiyva.
You are splashed with acid!
You are splashed with acid!
You are splashed with acid!!!
Ouch! That really hurt!
You die...

..#...._...#...#...##
#####.#..#######...#
#.#..#.# ##..##
..##..##.. ##...# ...
#.## .... #...## #_.
##. ._###....# ##. .
.###....## # .#
#....### #...@#
#.....## ......#
....## #..# ###


There were no monsters in sight!

Vanquished Creatures
  A howler monkey (D:4)
  An orc wizard (D:3)
  2 orc priests (D:3)
  2 worker ants (D:4)
  3 adders
  A shadow imp (D:4)
  4 worms (D:2)
  A dart slug (D:2)
  3 leopard geckos
  8 orcs (D:3)
  3 giant cockroaches
  6 hobgoblins
  6 jackals
  A quokka (D:3)
  3 ball pythons
  6 bats
  2 frilled lizards (D:3)
  5 goblins
  6 kobolds
  9 rats
73 creatures vanquished.

Notes
Turn   | Place    | Note
-------+----------+-------------------------------------------
     0 | D:1      | Zephirin the Ghoul Warper began the quest for the Orb.
     0 | D:1      | Reached XP level 1. HP: 17/17 MP: 2/2
   107 | D:1      | Reached skill level 1 in Throwing
   109 | D:1      | Reached skill level 1 in Armour
   121 | D:1      | Reached XP level 2. HP: 20/24 MP: 3/3
   170 | D:1      | Learned a level 2 spell: Blink
   430 | D:2      | Reached XP level 3. HP: 14/29 MP: 5/5
  1004 | D:2      | Found a bloodstained altar of Trog.
  1019 | D:2      | Reached skill level 3 in Unarmed Combat
  1019 | D:2      | Reached XP level 4. HP: 36/36 MP: 6/6
  1537 | D:3      | Found a shadowy altar of Dithmenos.
  1643 | D:3      | Became a worshipper of Dithmenos the Shadowed
  2049 | D:3      | Reached skill level 4 in Unarmed Combat
  2049 | D:3      | Reached XP level 5. HP: 26/42 MP: 7/7
  2414 | D:3      | Noticed a sky beast
  2488 | D:3      | Reached skill level 5 in Unarmed Combat
  2781 | D:4      | Reached XP level 6. HP: 46/50 MP: 8/8
  2939 | D:4      | Found Mikluhu's General Store.
  2949 | D:4      | Bought a potion of heal wounds for 70 gold pieces
  2949 | D:4      | Bought a +0 pair of boots for 63 gold pieces
  2969 | D:4      | Found a staircase to the Ecumenical Temple.
  3017 | Temple   | Entered the Ecumenical Temple
  3079 | Temple   | Splashed with acid

Skill      XL: |  1  2  3  4  5  6 |
---------------+-------------------+-----
Throwing       | 1 |  1.4
Armour         | 1 2 |  2.2
Spellcasting   | 2 |  2.1
Dodging        | 2 |  2.1
Unarmed Combat | 3 4 5 |  5.5
Fighting       | |  2.5
Stealth        | |  0.2
Translocations | |  2.9

Action                   |  1- 3 |  4- 6 || total
-------------------------+-------+-------++-------
Melee: Unarmed           |   128 |   197 ||   325
       Punch             |     2 |     1 ||     3
Throw: Tomahawk          |     5 |       ||     5
       Stone             |     4 |       ||     4
 Cast: Blink             |     1 |       ||     1
  Use: Potion            |     3 |     4 ||     7
       Scroll            |     4 |     2 ||     6
  Eat: Chunk             |     5 |    12 ||    17
Armor: Scale mail        |    35 |    74 ||   109
       Chain mail        |     8 |       ||     8
Dodge: Dodged            |    50 |    78 ||   128
